 Dungeon Crawl Stone Soup version 0.22-a0 (webtiles) character file.

26005 tsouns the Summoner (level 12, -15/93 HPs)
             Began as a Demonspawn Summoner on Dec 30, 2017.
             Was a High Priest of Sif Muna.
             Demolished by Rupert
             ... wielding a +3 great sword of holy wrath
              (64 damage)
             ... on level 5 of the Lair of Beasts on Dec 31, 2017.
             The game lasted 01:16:18 (17685 turns).

tsouns the Summoner (Demonspawn Summoner)          Turns: 17685, Time: 01:16:19

Health: -15/93     AC:  8    Str: 10    XL:     12   Next: 94%
Magic:  0/25       EV: 14    Int: 20    God:    Sif Muna [*****.]
Gold:   932        SH:  6    Dex: 18    Spells: 3/30 levels left

rFire    + + .     SeeInvis +   C - +2 trident (pierce)
rCold    + . .     Gourm    +   K - +0 buckler
rNeg     . . .     Faith    .   z - +0 robe (curse)
rPois    +         Spirit   +   (helmet restricted)
rElec    .         Reflect  .   o - scarf {rC+ rF+}
rCorr    .         Harm     .   i - +2 pair of gloves
MR       +....                  N - +1 pair of boots
Stlth    ++++......             v - amulet of the gourmand
HPRegen  0.25/turn              p - ring of protection from fire
MPRegen  0.19/turn              B - ring "Heuwucay" {rPois MR+ AC+1 Slay+3 SInv}

@: no status effects
A: horns 1, thin skeletal structure 2, powered by death 2, magic shield
a: Divine Energy, Channel Magic, Forget Spell, Renounce Religion


You were on level 5 of the Lair of Beasts.
You worshipped Sif Muna.
Sif Muna was extremely pleased with you.
You were very full.

You visited 3 branches of the dungeon, and saw 17 of its levels.

You collected 1153 gold pieces.
You spent 221 gold pieces at shops.

Inventory:

Hand Weapons
 C - a +2 trident of piercing (weapon)
 J - a +5 long sword
 O - a +6 broad axe of freezing
 R - a +1 scimitar of flaming
Missiles
 e - 10 javelins (quivered)
 I - a throwing net
 Q - 5 javelins of returning
Armour
 i - a +2 pair of gloves (worn)
 o - a scarf of resistance (worn)
 z - a cursed +0 robe (worn)
 K - a +0 buckler (worn)
 M - +0 steam dragon scales
 N - a +1 pair of boots (worn)
 Z - the +2 leather armour of Toomp {Stlth+}
   (You found it on level 3 of the Lair of Beasts)

   It makes you more stealthy.
Jewellery
 h - an uncursed ring of resist corrosion
 p - a ring of protection from fire (left hand)
 v - an amulet of the gourmand (around neck)
 B - the ring "Heuwucay" (right hand) {rPois MR+ AC+1 Slay+3 SInv}
   (You found it on level 9 of the Dungeon)

   [ring of protection]

   It affects your AC (+1).
   It affects your accuracy and damage with ranged weapons and melee attacks
   (+3).
   It protects you from poison.
   It affects your resistance to hostile enchantments.
   It lets you see invisible.
 P - the ring of Ascent {Str+4 Stlth-}
   (You found it on level 11 of the Dungeon)

   [ring of loudness]

   It affects your strength (+4).
   It makes you less stealthy.
Wands
 a - a wand of flame (46)
 g - a wand of enslavement (15)
 j - a wand of iceblast (12)
 t - a wand of paralysis (15)
 y - a wand of scattershot (2)
Scrolls
 s - 2 scrolls of magic mapping
 D - 2 scrolls of torment
 F - a scroll of blinking
 G - 5 scrolls of amnesia
 V - 5 scrolls of teleportation
 Y - a scroll of silence
Potions
 d - 4 potions of cancellation
 f - 5 potions of curing
 k - 2 potions of haste
 l - a potion of mutation
 m - a potion of magic
 n - 6 potions of might
 q - 4 potions of lignification
 u - 2 potions of brilliance
 x - 2 potions of flight
 A - 3 potions of heal wounds
 S - 2 potions of ambrosia
 T - 2 potions of invisibility
 U - a potion of resistance
Books
 b - a book of Callings

   Spells                             Type                      Level
   a - Summon Small Mammal            Summoning                    1
   b - Call Imp                       Summoning                    2
   c - Call Canine Familiar           Summoning                    3
   d - Summon Guardian Golem          Hexes/Summoning              3
   e - Summon Lightning Spire         Summoning/Air                4
   f - Summon Ice Beast               Ice/Summoning                4
 H - a book of Maledictions

   Spells                             Type                      Level
   a - Corona                         Hexes                        1
   b - Ensorcelled Hibernation        Hexes/Ice                    2
   c - Confuse                        Hexes                        3
   d - Tukima's Dance                 Hexes                        3
   e - Dazzling Spray                 Conjuration/Hexes            3
 X - Ringi's Catalogue of Igneous Air
   (Sif Muna gifted it to you on level 3 of the Lair of Beasts)

   Spells                             Type                      Level
   a - Swiftness                      Charms/Air                   2
   b - Poisonous Vapours              Poison/Air                   2
   c - Bolt of Magma                  Conjuration/Fire/Earth       5
   d - Lightning Bolt                 Conjuration/Air              5
Miscellaneous
 W - a fan of gales
Comestibles
 c - 35 rations


   Skills:
 - Level 8.2 Fighting
   Level 3.2(3.7) Short Blades
 - Level 2.7(3.5) Long Blades
 - Level 4.2(4.5) Axes
 + Level 2.5(3.7) Polearms
 - Level 3.8 Dodging
 - Level 3.5 Stealth
 - Level 5.6 Shields
 + Level 9.9 Spellcasting
 - Level 3.2 Hexes
 - Level 11.1 Summonings
 - Level 2.8 Ice Magic
 - Level 3.0 Air Magic
 - Level 3.0 Poison Magic
 + Level 6.1 Invocations
 - Level 3.6 Evocations


You had 3 spell levels left.
You knew the following spells:

 Your Spells              Type           Power        Failure   Level  Hunger
a - Summon Small Mammal   Summ           ####         1%          1    None
b - Call Imp              Summ           ######..     1%          2    None
c - Call Canine Familiar  Summ           ######..     1%          3    None
d - Summon Guardian Gole  Hex/Summ       #####...     1%          3    None
e - Summon Ice Beast      Ice/Summ       #####...     3%          4    ##.....
f - Summon Lightning Spi  Summ/Air       #####...     3%          4    ##.....
g - Poisonous Vapours     Pois/Air       ###...       3%          2    None
h - Tukima's Dance        Hex            ###.....     5%          3    None
i - Confuse               Hex            ###.....     5%          3    None
j - Swiftness             Chrm/Air       ###.....     5%          2    None


Dungeon Overview and Level Annotations

Branches:
Dungeon (11/15)            Temple (1/1) D:4            Lair (5/6) D:11
 Shoals (0/4) Lair:4        Snake (0/4) Lair:3
  Slime: Lair:5-6       Orc: D:9-12

Altars:
Ashenzari
Cheibriados
Dithmenos
Elyvilon
Fedhas
Gozag
Hepliaklqana
Kikubaaqudgha
Makhleb
Nemelex Xobeh
Okawaru
Qazlal
Ru
Sif Muna
Trog
Uskayaw
Vehumet
Wu Jian
Xom
Yredelemnul
Zin
The Shining One

Shops:
D:6 !

Annotations:
D:10 1 runed door
Lair:5 Rupert


Innate Abilities, Weirdness & Mutations

You have a pair of small horns on your head.
You have a moderately thin skeletal structure. (Dex +4, Stealth+)
You regenerate health from kills.
When hurt, damage is shared between your health and your magic reserves.


Message History

You catch the helpless Rupert completely off-guard!
You hit Rupert.
Rupert is heavily wounded.
Your ice beast closely misses Rupert.
Rupert hits your shadow imp with a great sword of holy wrath!!
Your shadow imp dies!
Your ice beast hits Rupert.
Your ice beast freezes Rupert.
Your crimson imp blinks!
Your ice beast hits Rupert.
Your ice beast freezes Rupert!
Attack whom?
Press: ? - help, Dir - move target cursor, f/p - Rupert
Aim: Rupert, wielding a great sword of holy wrath and wearing a chain mail (severely wounded, berserk, fast, unusually strong)
You reach to attack!
You hit Rupert.
Rupert is severely wounded.
Your crimson imp blinks!
Your warg bites Rupert but does no damage.
Rupert hits you with a great sword of holy wrath!!!
You convulse!!!
Ouch! That really hurt!
You die...

.##... ##....## a..... ###
##.....#. .....†###### ### ###.#
##.......# ....
#†#...###.###.#.###.#.P.....
#....#.†..PP#....................
.......†...P#.........[..PP......
#.#..##....P##...5........P.....#
### #.....##......§.........P.#
#.........@......≈....PP≈.#
#.#.....Y.h@###P..≈PPP≈≈≈≈≈≈
##......8#Y####....≈≈≈≈♣♣≈≈≈
#.........## #....PPP♣♣♣♣≈≈.
#......#...###P...P≈P♣ ♣≈≈P
............#......P≈P♣♣♣♣P≈P
.P...............P.≈≈≈≈♣≈≈≈P≈
....................≈P≈P≈P≈P.
#.....#.......#...≈≈.PP#≈#


You could see Rupert (berserk), a friendly guardian golem, a friendly warg, 2
friendly ice beasts and a friendly crimson imp.

Vanquished Creatures
  An entropy weaver (Lair:5)
  A catoblepas (Lair:4)
  3 two-headed ogres
  A death yak (Lair:5)
  Urug (D:11)
  An ugly thing (D:11)
  A centaur zombie (D:10)
  3 black mambas
  5 spiny frogs
  2 komodo dragons
  A rime drake (Lair:3)
  6 blink frogs
  5 dream sheep (Lair:5)
  A wyvern (D:10)
  24 yaks
  A basilisk (Lair:4)
  A steam dragon (D:10)
  A naga (Lair:3)
  2 soldier ants (Lair:5)
  2 water moccasins
  8 porcupines
  2 sky beasts
  An orc warrior (D:7)
  A black bear (D:6)
  An ice beast (D:9)
  3 ogres
  3 wolves (Lair:3)
  4 crocodiles
  4 centaurs
  A big kobold (D:9)
  9 bullfrogs
  4 scorpions
  2 killer bees
  3 wights (D:9)
  2 electric eels
  3 howler monkeys (D:10)
  A bullfrog zombie (D:6)
  A crimson imp (D:6)
  3 hounds
  An orc priest (D:4)
  2 bullfrog skeletons (D:8)
  An iguana (D:10)
  Terence (D:2)
  8 orc wizards
  7 worker ants
  9 gnolls
  7 adders
  An adder skeleton (D:4)
  A worm (D:5)
  2 leopard geckos
  26 orcs
  A giant cockroach (D:2)
  4 goblins
  4 hobgoblins
  4 kobolds
  5 quokkas
  3 ball pythons
  3 bats
  5 frilled lizards
  A jackal skeleton (D:4)
  2 rats
  A bush (Lair:1)
  2 fungi (Lair:3)
220 creatures vanquished.

Vanquished Creatures (collateral kills)
  A hydra (Lair:3)
  2 two-headed ogres
  Erica (D:11)
  2 death yaks (Lair:5)
  An ugly thing (D:11)
  A manticore (Lair:4)
  Joseph (Lair:1)
  A black mamba (Lair:5)
  A spiny frog (Lair:3)
  A komodo dragon (Lair:5)
  A tengu conjurer (D:11)
  A troll (D:10)
  4 hippogriffs
  11 dream sheep (Lair:5)
  4 blink frogs (Lair:5)
  12 yaks
  2 nagas (Lair:3)
  5 soldier ants
  6 water moccasins
  A phantom (D:11)
  A sky beast (D:7)
  3 ogres
  2 centaurs (D:11)
  3 crocodiles
  A bullfrog (D:11)
  A wyvern skeleton (D:10)
  A scorpion (D:11)
  9 killer bees
  A wight (D:9)
  A crimson imp (D:5)
  2 hounds (D:4)
  4 jellies
  A bullfrog skeleton (D:4)
  3 orc priests
  3 orc wizards
  A centaur skeleton (D:11)
  Natasha (D:3)
  An iguana (D:5)
  4 worker ants
  A hound zombie (D:11)
  3 gnolls (D:5)
  4 adders
  3 dart slugs
  2 leopard geckos
  16 orcs
  6 giant cockroaches
  2 goblins
  3 hobgoblins
  A quokka (D:4)
  A frilled lizard (D:1)
  5 kobolds
  A leopard gecko skeleton (D:6)
  A leopard gecko zombie (D:7)
  3 rats
  A butterfly (D:10)
155 creatures vanquished.

Vanquished Creatures (others)
  The ghost of arkorax the Cleaver, a novice DDGl of Makhleb (D:9)
  3 death yaks (Lair:5)
  A spiny frog (Lair:5)
  A yak (Lair:5)
  A centaur (D:11)
  12 bushes (Lair:1)
  10 fungi
  4 plants (Lair:5)
33 creatures vanquished.

Grand Total: 408 creatures vanquished

Notes
Turn   | Place    | Note
-------+----------+-------------------------------------------
     0 | D:1      | tsouns the Demonspawn Summoner began the quest for the Orb.
     0 | D:1      | Reached XP level 1. HP: 13/13 MP: 3/3
   293 | D:1      | Gained mutation: When hurt, damage is shared between your health and your magic reserves. [demonic ancestry]
   293 | D:1      | Reached XP level 2. HP: 12/19 MP: 1/5
   297 | D:1      | Learned a level 2 spell: Call Imp
   734 | D:2      | Noticed Terence
   784 | D:2      | Killed Terence
   784 | D:2      | Gained mutation: You regenerate a little health from kills. [demonic ancestry]
   784 | D:2      | Reached XP level 3. HP: 10/25 MP: 0/6
   789 | D:2      | Learned a level 3 spell: Call Canine Familiar
  1410 | D:3      | Found a white marble altar of Elyvilon.
  1541 | D:3      | Gained mutation: You regenerate health from kills. [demonic ancestry]
  1541 | D:3      | Reached XP level 4. HP: 20/31 MP: 1/8
  2020 | D:3      | Noticed Natasha
  2032 | D:3      | Killed Natasha
  2032 | D:3      | Gained mutation: You have a somewhat thin skeletal structure. (Dex +2, Stealth) [demonic ancestry]
  2032 | D:3      | Reached XP level 5. HP: 13/36 MP: 0/10
  2455 | D:4      | Found a staircase to the Ecumenical Temple.
  2474 | D:4      | Reached skill level 5 in Summonings
  2522 | D:4      | Reached skill level 1 in Fighting
  2533 | D:4      | Noticed a sky beast
  2556 | D:4      | Killed a sky beast
  2556 | D:4      | Reached XP level 6. HP: 34/43 MP: 3/12
  2568 | Temple   | Entered the Ecumenical Temple
  2700 | Temple   | Became a worshipper of Sif Muna the Loreminder
  2786 | D:4      | Learned a level 3 spell: Summon Guardian Golem
  3060 | D:4      | Reached XP level 7. HP: 37/48 MP: 0/13
  3467 | D:5      | Entered Level 5 of the Dungeon
  3540 | D:5      | Reached skill level 6 in Summonings
  3655 | D:5      | Reached * piety under Sif Muna
  3713 | D:5      | Reached skill level 5 in Spellcasting
  3795 | D:5      | Found a sacrificial altar of Ru.
  4051 | D:5      | Reached XP level 8. HP: 20/58 MP: 3/15
  4549 | D:6      | Reached skill level 7 in Summonings
  4670 | D:6      | Reached ** piety under Sif Muna
  4705 | D:6      | Got a bloodstained trident
  4706 | D:6      | Identified the cursed +1 trident of Circularity {antimagic, rC++ Dex-5 Stlth+} (You found it on level 6 of the Dungeon)
  4769 | D:6      | Found a hide-covered altar of Uskayaw.
  4885 | D:6      | Found Ybybli's Distillery.
  4893 | D:6      | Bought a potion of heal wounds for 65 gold pieces
  4893 | D:6      | Bought a potion of invisibility for 104 gold pieces
  4893 | D:6      | Bought a potion of might for 52 gold pieces
  5068 | D:6      | Learned a level 4 spell: Summon Ice Beast
  5073 | D:6      | Learned a level 4 spell: Summon Lightning Spire
  5485 | D:7      | Found an ancient bone altar of Kikubaaqudgha.
  5485 | D:7      | Found an ornate altar of the Wu Jian Council.
  5714 | D:7      | Reached skill level 5 in Fighting
  6006 | D:7      | Reached XP level 9. HP: 65/68 MP: 16/18
  6442 | D:8      | Noticed a two-headed ogre
  6453 | D:8      | Killed a two-headed ogre
  6453 | D:8      | Reached skill level 8 in Summonings
  6904 | D:8      | Reached skill level 1 in Short Blades
  7162 | D:8      | Found a blossoming altar of Fedhas.
  7219 | D:8      | Got a tattered robe
  7230 | D:8      | Identified the cursed +1 robe of Fusewk {rC+} (You found it on level 8 of the Dungeon)
  7388 | D:8      | Found a sacrificial altar of Ru.
  7494 | D:8      | Reached *** piety under Sif Muna
  7593 | D:9      | Noticed arkorax's ghost (novice DDGl)
  7618 | D:9      | Killed arkorax's ghost
  7732 | D:9      | Got a scorched golden ring
  7734 | D:9      | Identified the ring "Heuwucay" {rPois MR+ AC+1 Slay+3 SInv} (You found it on level 9 of the Dungeon)
  8077 | D:9      | Found a burning altar of Makhleb.
  8365 | D:9      | Found an ancient bone altar of Kikubaaqudgha.
  8709 | D:10     | Entered Level 10 of the Dungeon
  8733 | D:10     | Reached skill level 9 in Summonings
  8759 | D:10     | Noticed a two-headed ogre
  8783 | D:10     | Killed a two-headed ogre
  8783 | D:10     | Gained mutation: You have a moderately thin skeletal structure. (Dex +4, Stealth+) [demonic ancestry]
  8783 | D:10     | Reached XP level 10. HP: 66/79 MP: 3/21
  9101 | D:10     | Found a runed door.
  9131 | D:10     | Found a runed door.
  9216 | D:10     | Noticed a two-headed ogre
  9221 | D:10     | Killed a two-headed ogre
  9221 | D:10     | Reached skill level 1 in Long Blades
  9344 | D:10     | Noticed a two-headed ogre
  9644 | D:10     | Killed a two-headed ogre
  9644 | D:10     | Reached **** piety under Sif Muna
  9879 | D:11     | Noticed a two-headed ogre
  9891 | D:11     | Killed a two-headed ogre
  9891 | D:11     | Reached skill level 10 in Summonings
  9911 | D:11     | Noticed a cyan ugly thing
  9921 | D:11     | Killed a cyan ugly thing
  9921 | D:11     | Reached skill level 1 in Hexes
  9979 | D:11     | Upgraded the game from 0.21-a0-641-geef9d7f to 0.22-a0
 10011 | D:11     | Found a staircase to the Lair.
 10187 | D:11     | Reached XP level 11. HP: 54/85 MP: 11/23
 10216 | D:11     | Reached skill level 1 in Shields
 10346 | D:11     | Got a wavering granite ring
 10347 | D:11     | Identified the ring of Ascent {Str+4 Stlth-} (You found it on level 11 of the Dungeon)
 10354 | D:11     | Noticed a white ugly thing
 10361 | D:11     | Noticed Urug
 10369 | D:11     | Killed a white ugly thing
 10385 | D:11     | Killed Urug
 10612 | D:11     | Noticed Erica
 10623 | D:11     | Killed Erica
 11167 | Lair:1   | Entered Level 1 of the Lair of Beasts
 11176 | Lair:1   | Reached skill level 1 in Axes
 11297 | Lair:1   | Noticed Joseph
 11305 | Lair:1   | Killed Joseph
 12153 | Lair:2   | Reached skill level 5 in Shields
 12740 | Lair:2   | Reached skill level 11 in Summonings
 13178 | Lair:3   | Reached skill level 1 in Evocations
 13194 | Lair:3   | Found a staircase to the Snake Pit.
 13199 | Lair:3   | Reached skill level 1 in Invocations
 13202 | Lair:3   | Reached ***** piety under Sif Muna
 13526 | Lair:3   | Noticed a six-headed hydra
 13538 | Lair:3   | Identified Ringi's Catalogue of Igneous Air (Sif Muna gifted it to you on level 3 of the Lair of Beasts)
 13538 | Lair:3   | Received a gift from Sif Muna
 13539 | Lair:3   | Killed a five-headed hydra
 13546 | Lair:3   | Learned a level 2 spell: Poisonous Vapours
 13550 | Lair:3   | Learned a level 3 spell: Tukima's Dance
 13554 | Lair:3   | Learned a level 3 spell: Confuse
 13610 | Lair:3   | Reached skill level 1 in Air Magic
 13610 | Lair:3   | Gained mutation: You have a pair of small horns on your head. [demonic ancestry]
 13610 | Lair:3   | Reached XP level 12. HP: 85/93 MP: 15/25
 14093 | Lair:3   | Got a polished leather armour
 14094 | Lair:3   | Identified the +2 leather armour of Toomp {Stlth+} (You found it on level 3 of the Lair of Beasts)
 14344 | Lair:3   | Reached skill level 1 in Ice Magic
 14782 | Lair:4   | Reached skill level 1 in Poison Magic
 14825 | Lair:4   | Found a staircase to the Shoals.
 15979 | Lair:4   | Learned a level 2 spell: Swiftness
 16032 | Lair:5   | Noticed a catoblepas
 16058 | Lair:4   | Killed a catoblepas
 16345 | Lair:5   | Identified the cursed +1 halberd of Ottenk {chop, Dex+3} (You found it on level 5 of the Lair of Beasts)
 17025 | Lair:5   | Reached skill level 1 in Polearms
 17025 | Lair:5   | Reached skill level 5 in Invocations
 17026 | Lair:5   | Noticed an entropy weaver
 17049 | Lair:5   | Noticed Rupert
 17053 | Lair:5   | Killed an entropy weaver
 17230 | Lair:5   | Noticed a death yak
 17230 | Lair:5   | Noticed a death yak
 17231 | Lair:5   | Noticed a death yak
 17232 | Lair:5   | Noticed a death yak
 17232 | Lair:5   | Noticed a death yak
 17238 | Lair:5   | Noticed a death yak
 17239 | Lair:5   | Killed a death yak
 17239 | Lair:5   | Killed a death yak
 17240 | Lair:5   | Killed a death yak
 17243 | Lair:5   | Killed a death yak
 17246 | Lair:5   | Killed a death yak
 17246 | Lair:5   | Killed a death yak
 17685 | Lair:5   | Demolished by Rupert

Vault maps used:
D:1:      dpeg_arrival_lava_altar
D:2:      uniq_terence
D:3:      lemuel_crystal_altar, serial_bayou, serial_bayou_lagoon_a,
          serial_bayou_pond_e, serial_bayou_pond_a, serial_bayou_ford_a,
          uniq_natasha
D:4:      minmay_temple_entry_trees, first_ration
D:5:      nicolae_ru_sacrificial_ziggurat
D:6:      kennysheep_mini, serial_shops,
          nicolae_shop_temple_entry_statues_fountains, minmay_checkerbox
D:7:      gammafunk_temple_overflow_elements
D:8:      kennysheep_mini_moat, nicolae_overflow_crystal_walls
D:9:      marbit_many_paths, basic_altar
D:10:     lemuel_insect_pit
D:11:     lair_entry_dummy, grunt_tengu_nest, uniq_urug, uniq_erica
Temple:   regret_index_temple_waves
Lair:1:   minmay_hedge_maze, hibernation_bobbens, uniq_joseph
Lair:2:   minivault_19
Lair:3:   minmay_snake_entry_guardpost_small, grunt_megastairs_3
Lair:4:   minmay_shoals_entry_beasts, infiniplex_staircase_pool_2,
          grunt_megastairs_5, lemuel_fruit_tree, serial_bayou_shore_a
Lair:5:   nicolae_quartered_pool_little, serial_bayou_pond_c,
          zaba_antful_of_joy, uniq_rupert

Skill      XL: |  1  2  3  4  5  6  7  8  9 10 11 12 |
---------------+-------------------------------------+-----
Spellcasting   | 3 4 5 6 7 8 9 |  9.9
Stealth        | 2 3 |  3.5
Dodging        | 2 3 |  3.8
Summonings     | 5 6 7 9 10 11 | 11.1
Fighting       | 1 3 5 7 8 |  8.2
Short Blades   | 2 3 |  3.2
Long Blades    | 2 |  2.7
Hexes          | 1 3 |  3.2
Shields        | 5 |  5.6
Axes           | 3 4 |  4.2
Evocations     | 1 3 |  3.6
Invocations    | 2 6 |  6.1
Air Magic      | 1 3 |  3.0
Ice Magic      | 2 |  2.8
Poison Magic   | 3 |  3.0
Polearms       | 2 |  2.5

Action                   |  1- 3 |  4- 6 |  7- 9 | 10-12 || total
-------------------------+-------+-------+-------+-------++-------
Melee: Unarmed           |    12 |       |       |       ||    12
       Short sword       |    30 |       |       |       ||    30
       Dagger            |    28 |   134 |   513 |    74 ||   749
       Long sword        |       |       |    11 |    66 ||    77
       Broad axe         |       |       |       |   194 ||   194
       Scimitar          |       |       |       |     2 ||     2
       Trident           |       |       |       |   162 ||   162
       Headbutt          |       |       |       |    31 ||    31
Throw: Javelin           |       |       |       |     3 ||     3
 Cast: Summon Small Mamm |    38 |     2 |     1 |     1 ||    42
       Call Imp          |     4 |     7 |    17 |     3 ||    31
       Call Canine Famil |     2 |    10 |    26 |    15 ||    53
       Summon Lightning  |       |       |    11 |    25 ||    36
       Summon Guardian G |       |       |     6 |    14 ||    20
       Summon Ice Beast  |       |       |     5 |    36 ||    41
       Poisonous Vapours |       |       |       |    26 ||    26
       Confuse           |       |       |       |     5 ||     5
Evoke: Wand              |       |       |       |    14 ||    14
  Use: Potion            |     2 |     1 |     2 |     5 ||    10
       Scroll            |     6 |     3 |    11 |    13 ||    33
 Stab: Sleeping          |     2 |     5 |    11 |    17 ||    35
       Distracted        |     1 |     1 |     4 |    13 ||    19
       Invisible         |       |       |     1 |       ||     1
  Eat: Chunk             |     3 |     2 |    35 |    33 ||    73
       Ration            |       |     1 |       |       ||     1
Armor: Robe              |    13 |    23 |    74 |   112 ||   222
       Skin              |     4 |       |       |       ||     4
Dodge: Dodged            |    57 |    67 |   287 |   320 ||   731
Block: Buckler           |       |       |       |   105 ||   105
       Rpst.: Long sword |       |       |     2 |    13 ||    15

Table legend:
 A = Spawn XP
 B = Non-spawn XP
 C = Spawn XP percentage of total XP
 D = Spawn monster count
 E = Non-spawn monster count
 F = Spawn count percentage of total count
 G = Total turns spent on level
                    A         B        C        D         E        F      G
               +---------+---------+-------+---------+---------+-------+---------
         Total |       0 |   37151 |   0.0 |       0 |     377 |   0.0 | 17685
               +---------+---------+-------+---------+---------+-------+---------
           D:1 |       0 |      20 |   0.0 |       0 |      16 |   0.0 |   701
           D:2 |       0 |      66 |   0.0 |       0 |      14 |   0.0 |   701
           D:3 |       0 |     128 |   0.0 |       0 |      24 |   0.0 |  1032
           D:4 |       0 |     715 |   0.0 |       0 |      29 |   0.0 |   874
           D:5 |       0 |     537 |   0.0 |       0 |      30 |   0.0 |   798
           D:6 |       0 |     696 |   0.0 |       0 |      21 |   0.0 |   963
           D:7 |       0 |     827 |   0.0 |       0 |      26 |   0.0 |  1211
           D:8 |       0 |    1215 |   0.0 |       0 |      17 |   0.0 |  1154
           D:9 |       0 |     945 |   0.0 |       0 |      13 |   0.0 |  1116
          D:10 |       0 |    4349 |   0.0 |       0 |      39 |   0.0 |  1169
          D:11 |       0 |    3665 |   0.0 |       0 |      22 |   0.0 |  1289
        Lair:1 |       0 |    4509 |   0.0 |       0 |      27 |   0.0 |   831
        Lair:2 |       0 |    1683 |   0.0 |       0 |       6 |   0.0 |  1154
        Lair:3 |       0 |    4246 |   0.0 |       0 |      19 |   0.0 |  1539
        Lair:4 |       0 |    5710 |   0.0 |       0 |      29 |   0.0 |  2391
        Lair:5 |       0 |    7840 |   0.0 |       0 |      45 |   0.0 |   603
               +---------+---------+-------+---------+---------+-------+---------
